 Dungeon Crawl Stone Soup version 0.18.1-8-gdd0e5ea (console) character file.

200 Kloppie the Slasher (level 5, -1/46 HPs)
             Began as a Centaur Berserker on June 12, 2016.
             Was a Believer of Trog.
             Slain by an orc wizard
             ... wielding a +0 dagger
              (2 damage)
             ... on level 3 of the Dungeon.
             The game lasted 00:03:05 (2813 turns).

Kloppie the Slasher (Centaur Berserker)             Turns: 2813, Time: 00:03:05

Health: -1/46      AC:  5    Str: 19    XL:     5   Next: 48%
Magic:  5/5        EV:  9    Int:  6    God:    Trog [**....]
Gold:   126        SH:  0    Dex: 10    Spells: 0 memorised, 4 levels left

rFire  . . .     SeeInvis .     a - +0 falchion
rCold  . . .     Gourm    .     h - +0 ring mail (curse)
rNeg   . . .     Faith    .     (no shield)
rPois  .         Spirit   .     (no helmet)
rElec  .         Dismiss  .     (no cloak)
rCorr  .         Reflect  .     (no gloves)
SustAt .         Harm     .     (no barding)
MR     .....                    (no amulet)
Stlth  ..........               (no ring)
                                (no ring)

@: very quick, not resistant to hostile enchantments, extremely unstealthy
A: hooves 3, deformed body, speed 2, tough skin 3
a: Berserk, Trog's Hand, Burn Spellbooks, Renounce Religion


You were on level 3 of the Dungeon.
You worshipped Trog.
Trog was pleased with you.
You were not hungry.

You visited 1 branch of the dungeon, and saw 3 of its levels.

You collected 126 gold pieces.

Inventory:

Hand Weapons
 a - a +0 falchion (weapon)
Armour
 b - a +0 chain mail
 h - a cursed +0 ring mail (worn)
Potions
 d - 3 potions of degeneration {unknown}
 e - a potion of cure mutation
 f - a potion of brilliance {unknown}
 g - 2 potions of flight {unknown}
 i - a potion of curing {unknown}
 j - a potion of magic {unknown}
 k - a potion of mutation {unknown}
Comestibles
 c - a bread ration
 l - 2 chunks of flesh
 m - a meat ration


   Skills:
 + Level 4.0 Fighting
 * Level 4.4 Long Blades
 + Level 2.1 Armour
 - Level 1.8 Dodging


You had 4 spell levels left.
You didn't know any spells.

Dungeon Overview and Level Annotations

Branches:
Dungeon (3/15)

Altars:
Pakellas

Shops:
D:2 }


Innate Abilities, Weirdness & Mutations

You have hooves in place of feet.
Armour fits poorly on your strangely shaped body.
You cover ground very quickly.
You have extremely tough skin (AC +3).


Message History

Something hits you.
* * * LOW HITPOINT WARNING * * *
The orc closely misses you. Something hits you but does no damage.
You closely miss something. Your kick misses something.
Something hits you but does no damage.
The orc hits you from afar with a trident!
* * * LOW HITPOINT WARNING * * *
A big kobold comes into view. It is wielding a short sword.
You hit something but do no damage. Your kick misses something.
Something hits you.
* * * LOW HITPOINT WARNING * * *
The orc hits you from afar with a trident.
* * * LOW HITPOINT WARNING * * *
You hear some strange, mumbled words.
A puff of frost appears from out of thin air!
The puff of frost hits you!
* * * LOW HITPOINT WARNING * * *
The big kobold moves out of view.
You hit something. You kick something. Something hits you.
You die...

###.......^.##.#.# #. .
#........#.....#.# #.
....####.#.#.#####.# #.
....##.#.#.#.#.....#####.
...........#.#...........
....##.............#####.
. #.#.#...†.......##..
#.#.#.#.......#+#...
..#@#.##...........#
####)#.##.[...#.....#


oo# #.....#.....# ..w. .............. #.....##.....##.#... #............+.....#
#......#.....##..... .......+.....+...... ... ##...## You could see a dart slug
and 2 orcs.

Vanquished Creatures
  A giant frog (D:3)
  An orc priest (D:3)
  4 adders (D:2)
  2 dart slugs
  4 worms (D:2)
  2 giant geckos
  6 orcs (D:3)
  9 goblins
  6 hobgoblins
  5 kobolds
  A quokka (D:3)
  3 bats
  4 giant newts
  A jackal skeleton (D:3)
  7 rats
56 creatures vanquished.

Notes
Turn   | Place    | Note
--------------------------------------------------------------
     0 | D:1      | Kloppie the Centaur Berserker began the quest for the Orb.
     0 | D:1      | Reached XP level 1. HP: 19/19 MP: 1/1
   135 | D:1      | Reached XP level 2. HP: 15/26 MP: 2/2
   486 | D:1      | Reached ** piety under Trog
   880 | D:2      | Found an oddly glowing altar of Pakellas.
   880 | D:2      | Found Pakellas's Prime Provisions.
   961 | D:2      | Reached XP level 3. HP: 26/31 MP: 3/3
  1835 | D:2      | Reached XP level 4. HP: 31/39 MP: 4/4
  2727 | D:3      | Noticed a giant frog
  2735 | D:3      | Killed a giant frog
  2735 | D:3      | Reached XP level 5. HP: 43/46 MP: 5/5
  2812 | D:3      | HP: 1/46 [something/puff of frost (7)]
  2813 | D:3      | Slain by an orc wizard

Skill      XL: |  1  2  3  4 |
---------------+-------------+-----
Long Blades    | 3 4 |  4.4
Fighting       | 4 |  4.0
Armour         | 2 |  2.1
Dodging        | |  1.8

Action                   |  1- 3 |  4- 6 || total
-------------------------+-------+-------++-------
Melee: Falchion          |   109 |    67 ||   176
       Kick              |    26 |    19 ||    45
Invok: Berserk           |       |     2 ||     2
  Use: Scroll            |     2 |       ||     2
  Eat: Chunk             |     2 |     5 ||     7
Armor: Animal skin       |    13 |       ||    13
       Ring mail         |    22 |    39 ||    61
Dodge: Dodged            |    36 |    39 ||    75
